 Dungeon Crawl Stone Soup version 0.30.1-11-g7821555f0a (webtiles) character file.

Game seed: 4911562944064955401

2387 STEPBROTHER the Fighter (level 9, -4/123 HPs)
             Began as a Minotaur Berserker on Oct 28, 2023.
             Was an Elder of Trog.
             Killed from afar by an electric eel (7 damage)
             ... with a bolt of electricity
             ... on level 7 of the Dungeon.
             The game lasted 00:10:04 (5728 turns).

STEPBROTHER the Fighter (Minotaur Berserker)        Turns: 5728, Time: 00:10:04

Health: -4/123     AC: 14    Str: 27    XL:     9   Next: 22%
Magic:  8/8        EV: 10    Int:  4    God:    Trog [****..]
Gold:   168        SH:  5    Dex:  9    Spells: 8/8 levels left

rFire   + . .        q - +1 war axe
rCold   . . .        (no shield)
rNeg    + . .        f - +0 chain mail
rPois   .            (helmet restricted)
rElec   .            n - +2 cloak
rCorr   .            (no gloves)
SInv    .            (no boots)
Will    .....        m - amulet of reflection Stlth
                     o - ring of positive energy
HPRegen 0.40/turn    a - ring of protection from fire
MPRegen 0.11/turn

%: reflection
@: berserking, very quick
A: horns 2, retaliatory headbutt
a: Renounce Religion, Berserk, Trog's Hand, Brothers in Arms


You were on level 7 of the Dungeon.
You worshipped Trog.
Trog was greatly pleased with you.
You visited 1 branch of the dungeon, and saw 7 of its levels.
You also visited: Sewer.

You collected 258 gold pieces.
You spent 90 gold pieces at shops.

Inventory:

Hand Weapons
 q - a +1 war axe (weapon)
Armour
 f - a +0 chain mail (worn)
 n - a +2 cloak (worn)
Jewellery
 a - a ring of protection from fire (right hand)
 m - an amulet of reflection (around neck)
 o - a ring of positive energy (left hand)
Wands
 z - a wand of paralysis (9)
 A - a wand of flame (3)
Scrolls
 b - a scroll of enchant armour
 c - 2 scrolls of noise
 d - a scroll of enchant weapon
 e - 2 scrolls of fear
 k - a scroll of fog
 r - 3 scrolls of vulnerability
 t - a scroll of magic mapping
 x - 2 scrolls of blinking
 y - 2 scrolls of teleportation
Potions
 g - 3 potions of degeneration
 h - a potion of lignification {unknown}
 i - 4 potions of heal wounds
 j - a potion of berserk rage {unknown}
 l - 2 potions of haste {unknown}
 p - a potion of cancellation {unknown}
 s - a potion of curing
 u - a potion of mutation {unknown}
 v - a potion of invisibility {unknown}
 w - 2 potions of might {unknown}
 B - a potion of brilliance {unknown}
 C - a potion of attraction {unknown}


   Skills:
 * Level 8.8 Fighting
 * Level 8.8 Axes
 * Level 7.9 Armour
 + Level 5.4 Dodging
 + Level 1.2 Evocations


You had 8 spell levels left.
You didn't know any spells.
Your spell library was empty.

Dungeon Overview and Level Annotations

Branches:
Dungeon (7/15)             Temple (0/1) D:4           Sewer (visited)

Altars:
Dithmenos
Elyvilon
Fedhas
Gozag
Hepliaklqana
Trog
Uskayaw
Vehumet
Wu Jian
Xom
Zin
The Shining One


Innate Abilities, Weirdness & Mutations

You have a pair of horns on your head.
You reflexively headbutt those who attack you in melee.


Message History

The electric eel shoots out a bolt of lightning at you!
The bolt of electricity hits you! x2
The bolt of electricity hits the electric eel.
The electric eel completely resists.
You hit the electric eel.
The electric eel is lightly wounded.
You slash the electric eel!
The electric eel is heavily wounded.
You barely miss the electric eel.
The electric eel is heavily wounded.
The electric eel shoots out a bolt of lightning at you!
The bolt of electricity hits you! The bolt of electricity hits you.
The bolt of electricity hits the electric eel.
The electric eel completely resists.
You closely miss the electric eel.
You headbutt the electric eel, but do no damage.
The electric eel is heavily wounded.
The electric eel shoots out a bolt of lightning at you!
The bolt of electricity hits you.
* * * LOW HITPOINT WARNING * * *
The bolt of electricity hits you!
* * * LOW HITPOINT WARNING * * *
The bolt of electricity hits the electric eel.
The electric eel completely resists.
A red film seems to cover your vision as you go berserk!
You feel yourself moving faster!
You feel mighty!
The electric eel shoots out a bolt of lightning at you!
The bolt of electricity hits you!
* * * LOW HITPOINT WARNING * * *
The bolt of electricity hits you!
* * * LOW HITPOINT WARNING * * *
The bolt of electricity hits the electric eel.
The electric eel completely resists.
You barely miss the electric eel.
The electric eel is heavily wounded.
You slash the electric eel!
The electric eel is almost dead.
The electric eel shoots out a bolt of lightning at you!
The bolt of electricity hits you!
You die...

≈≈≈≈#≈≈≈.÷)......
#.≈≈≈#≈≈≈≈#≈.........
#..≈≈≈≈#≈≈≈≈.†###..##
#..≈#≈≈≈≈#≈≈≈.....##
#..≈≈≈#≈≈≈≈#≈†.#..#
#...≈≈≈≈#≈≈≈≈.....#
#...≈#≈≈≈≈........##
#.S≈≈..............
#.@................
#####..............
.....##...........
..#...##...........
#..........######
>...........#
####.........#
#.........#


You could see an electric eel.

Vanquished Creatures
  Pikel (D:7)
  Duvessa (D:6)
  An orc warrior (D:6)
  2 black bears
  A centaur (D:5)
  2 ogres (D:6)
  A phantom (D:4)
  3 lemures (D:7)
  3 bullfrogs
  2 scorpions
  Dowan (D:6)
  An electric eel (D:7)
  3 howler monkeys
  2 jellies (Sewer)
  3 hounds
  An orc priest (D:6)
  Crazy Yiuf (D:2)
  4 iguanas
  2 orc wizards
  8 gnolls
  10 adders
  5 river rats (D:5)
  2 shadow imps
  A white imp (D:6)
  A worm (D:3)
  2 dart slugs
  18 orcs
  13 endoplasms
  5 giant cockroaches
  7 goblins
  8 hobgoblins
  7 jackals (D:1)
  10 kobolds
  5 quokkas
  17 ball pythons
  6 bats
  7 frilled lizards
  6 rats
173 creatures vanquished.

Notes
Turn   | Place    | Note
-------+----------+-------------------------------------------
     0 | D:1      | STEPBROTHER the Minotaur Berserker began the quest for the
                  | Orb.
     0 | D:1      | Reached XP level 1. HP: 19/19 MP: 0/0
    92 | D:1      | Reached XP level 2. HP: 19/27 MP: 1/1
   202 | D:1      | Reached ** piety under Trog
   232 | D:1      | Found a faded altar of an unknown god.
   341 | D:1      | Reached XP level 3. HP: 32/34 MP: 2/2
  1002 | D:2      | Reached XP level 4. HP: 41/41 MP: 3/3
  1262 | D:2      | Found a white marble altar of Elyvilon.
  1478 | D:2      | Found a runed translucent door.
  1479 | D:2      | Noticed Crazy Yiuf
  1705 | D:2      | Killed Crazy Yiuf
  1935 | D:3      | Found a hazy altar of Hepliaklqana.
  1977 | D:3      | Found a white marble altar of Elyvilon.
  1979 | D:3      | Found a shimmering altar of Xom.
  1979 | D:3      | Found a shadowy altar of Dithmenos.
  1984 | D:3      | Reached skill level 5 in Fighting
  1984 | D:3      | Reached skill level 5 in Axes
  2018 | D:3      | Found a shimmering altar of Xom.
  2018 | D:3      | Found a shimmering altar of Xom.
  2018 | D:3      | Found an opulent altar of Gozag.
  2081 | D:3      | Reached XP level 5. HP: 43/48 MP: 4/4
  2691 | D:4      | Reached *** piety under Trog
  2709 | D:4      | Reached XP level 6. HP: 46/56 MP: 5/5
  2864 | D:4      | Found a staircase to the Ecumenical Temple.
  2909 | D:4      | Found an ornate altar of the Wu Jian Council.
  2930 | D:4      | Found a glowing golden altar of the Shining One.
  3236 | D:4      | Found Zin's Purification Station.
  3241 | D:4      | Found a glowing silver altar of Zin.
  3249 | D:4      | Bought a potion of curing for 90 gold pieces
  3313 | D:4      | Found a radiant altar of Vehumet.
  3313 | D:4      | Found a hide-covered altar of Uskayaw.
  3487 | D:5      | Entered Level 5 of the Dungeon
  3598 | D:5      | Found a glowing drain.
  3604 | Sewer    | Entered a sewer
  3692 | Sewer    | Reached **** piety under Trog
  3706 | Sewer    | Reached XP level 7. HP: 55/63 MP: 6/6
  3802 | Sewer    | Found a shimmering altar of Xom.
  3856 | Sewer    | Reached skill level 5 in Armour
  4183 | D:5      | Found a bloodstained altar of Trog.
  4297 | D:5      | Found a blossoming altar of Fedhas.
  4484 | D:6      | Noticed Dowan
  4486 | D:6      | Noticed Duvessa
  4490 | D:6      | Reached XP level 8. HP: 73/73 MP: 7/7
  4495 | D:6      | Killed Duvessa
  4505 | D:6      | Killed Dowan
  5101 | D:6      | Reached skill level 5 in Dodging
  5456 | D:7      | Noticed Pikel
  5483 | D:7      | Killed Pikel
  5484 | D:7      | Reached skill level 1 in Evocations
  5484 | D:7      | Reached XP level 9. HP: 38/82 MP: 8/8
  5726 | D:7      | HP: 2/123 [electric eel/bolt of electricity (9)]
  5728 | D:7      | Killed from afar by an electric eel

Illustrated notes

Levels and vault maps discovered:
D:1:      giann_wishing_wells, layout_basic, hellmonk_ecumenical_altar_run_dry
D:2:      layout_basic, basic_altar, uniq_crazy_yiuf_cottage
D:3:      layout_loops_ring, doesnt_xom_only_xom,
          worldfamousw_hep_ancestral_shrine, serial_park_tiny_2,
          minmay_misc_feat_diagonals, minmay_misc_feat_tiny
D:4:      layout_rooms, mainiacjoe_overflow_paths, zin_purify,
          gammafunk_temple_overflow_wave, old_standard_altar,
          minmay_temple_entry_gardened_gates, minmay_bisected
D:5:      layout_basic, lightli_temple_of_fire, fedhas_altar_2,
          lightli_sewer_entry_pipes
D:6:      layout_rooms, st_stairs_8, uniq_duvessa
D:7:      layout_basic, nicolae_lava_and_water, uniq_pikel

Skill      XL: |  1  2  3  4  5  6  7  8 |
---------------+-------------------------+-----
Fighting       | 4 5 6 7 8 |  8.8
Axes           | 4 5 6 7 8 |  8.8
Armour         | 3 4 6 7 |  7.9
Dodging        | 3 4 5 |  5.4
Evocations     | 1 |  1.2

Action                     |  1- 3 |  4- 6 |  7- 9 || total
---------------------------+-------+-------+-------++-------
  Melee: Hand axe          |    75 |    69 |       ||   144
         Headbutt          |    15 |    20 |    21 ||    56
         War axe           |       |   102 |   139 ||   241
         Punch             |       |     2 |     1 ||     3
 Invoke: Berserk           |       |     3 |     5 ||     8
         Trog's Hand       |       |     2 |     1 ||     3
    Use: Scroll            |       |    10 |     4 ||    14
         Potion            |       |     2 |       ||     2
 Armour: Animal skin       |     5 |       |       ||     5
         Chain mail        |    25 |    94 |    71 ||   190
  Dodge: Dodged            |    40 |   101 |    63 ||   204
  Block: Other             |       |    47 |    38 ||    85
         Reflection        |       |     2 |     1 ||     3
